Map: Kairos Junction LE

Players

Bly

  • Race: Zerg Zerg
  • Spawn Location: 11:00

souL - Winner!

  • Race: Terran Terran
  • Spawn Location: 5:00

Event: 2019 WCS Summer

VOD

Have the link to the VOD?

Description

Time

  • Played on: July 12, 2019, 12:36 p.m.
  • Length: 20:34

All games in this series

Show
View Real Time Build Order
Export as new Build Order

Bly Zerg 

Build Orders: Hatch First 

Get SALT Encoding   

  12  0:01  Drone  
  13  0:12  Overlord  
  13  0:19  Drone  
  14  0:31  Drone  
  14  0:32  Drone  
  16  0:49  Hatchery  
  15  0:54  Drone  
  15  0:55  Drone  
  17  0:59  Drone  
  18  1:11  Extractor  
  17  1:15  Spawning Pool  
  17  1:18  Drone  
  17  1:21  Drone  
  18  1:28  Drone  
  19  1:39  Drone  
  20  1:49  Overlord  
  20  2:02  Queen x2  
  20  2:03  Zergling x4  
  26  2:11  Drone  
  26  2:12  Drone  
  26  2:14  Metabolic Boost  
  28  2:22  Drone x2  
  30  2:38  Hatchery  
  28  2:46  Drone x2  
  28  2:49  Drone  
  31  2:58  Drone  
  31  3:03  Overlord  
  32  3:11  Roach Warren  
  31  3:14  Drone  
  31  3:15  Drone x4  
  36  3:22  Overlord  
  36  3:32  Lair  
  33  3:48  Drone  
  33  3:49  Drone x2  
  33  3:51  Roach x2  
  33  3:52  Roach x2  
  44  4:16  Overlord  
  43  4:17  Queen  
  43  4:18  Drone x5  
  43  4:23  Extractor  
  49  4:25  Drone  
  49  4:29  Extractor  
  49  4:31  Zergling x2  
  50  4:32  Overlord  
  50  4:39  Drone x8  
  50  4:40  Glial Reconstitution  
  50  4:42  Overlord  
  58  4:47  Overlord  
  58  4:51  Overlord  
  58  5:00  Extractor  
  58  5:01  Overlord  
  58  5:03  Overlord  
  58  5:04  Ravager  
  58  5:08  Drone x5  
  62  5:17  Evolution Chamber  
  62  5:20  Ravager  
  63  5:21  Ravager  
  63  5:23  Drone x3  
  64  5:39  Drone x4  
  64  5:42  Drone x10  
  74  5:48  Drone  
  75  5:51  Zerg Ground Armor Level 1  
  73  6:08  Roach  
  73  6:09  Roach x5  
  81  6:17  Drone  
  81  6:19  Overseer  
  81  6:25  Spore Crawler  
  81  6:27  Drone x5  
  81  6:32  Hatchery  
  84  6:34  Roach x3  
  90  6:45  Overlord x2  
  90  6:49  Roach x4  
  98  6:59  Extractor  
  98  7:00  Drone  
  98  7:03  Baneling Nest  
  98  7:08  Drone x3  
  100  7:09  Drone x6  
  100  7:14  Hatchery  
  102  7:32  Drone  
  102  7:34  Drone x3  
  102  7:35  Drone, Extractor  
  106  7:38  Drone x2  
  106  7:39  Drone  
  106  7:40  Evolution Chamber  
  108  7:49  Centrifical Hooks  
  108  7:51  Zerg Ground Armor Level 2  
  108  7:53  Zergling x14  
  108  7:54  Zergling x4  
  116  7:59  Overlord  
  116  8:03  Overlord  
  116  8:06  Overlord  
  116  8:13  Burrow  
  116  8:19  Baneling x18  
  116  8:23  Drone x7  
  116  8:24  Drone x4  
  127  8:37  Hatchery  
  127  8:41  Overseer  
  127  8:43  Zerg Melee Weapons Level 1  
  127  8:47  Hatchery  
  123  8:50  Zergling x28  
  123  8:52  Zergling x2  
  135  9:15  Zergling x2  
  135  9:16  Zergling x32  
  150  9:18  Extractor  
  146  9:25  Spire  
  146  9:29  Ravager x5  
  146  9:30  Baneling  
  146  9:31  Baneling x6, Overlord  
  149  9:32  Overlord x2  
  149  9:44  Extractor  
  148  9:52  Drone x2  
  150  9:53  Drone  
  150  9:55  Spine Crawler  
  150  9:56  Spore Crawler  
  147  10:03  Zergling x30  
  147  10:05  Baneling x11  
  159  10:23  Infestation Pit  
  158  10:32  Zergling x24  
  158  10:34  Baneling x28  
  167  10:39  Zerg Flyer Weapons Level 1  
  167  10:43  Drone  
  167  10:44  Overlord x3  
  168  11:09  Hatchery  
  167  11:11  Drone x2  
  167  11:12  Drone x4, Mutalisk x10  
  191  11:20  Hive, Zerg Melee Weapons Level 2  
  191  11:22  Zerg Missile Weapons Level 1  
  191  11:30  Mutalisk x4  
  198  11:37  Overlord  
  198  11:39  Spore Crawler  
  190  11:48  Zergling x26  
  176  12:04  Zergling x20  
  170  12:21  Zergling x20  
  179  12:29  Ravager  
  171  12:38  Spore Crawler  
  171  12:41  Adrenal Glands  
  170  12:46  Baneling x11  
  168  13:01  Overlord  
  160  13:05  Ultralisk Cavern  
  160  13:06  Zergling x34  
  160  13:10  Hatchery  
  164  13:32  Ravager x2  
  164  13:33  Infestor x2, Ravager x3  
  155  13:50  Zergling x30  
  155  13:52  Chitinous Plating  
  165  14:11  Ultralisk x4  
  188  14:21  Baneling x8  
  185  14:43  Hatchery  
  184  14:49  Extractor  
  183  14:53  Extractor  
  183  14:56  Hatchery  
  180  15:06  Overseer x3, Pneumatized Carapace  
  180  15:07  Zerg Ground Armor Level 3  
  180  15:09  Zerg Melee Weapons Level 3  
  180  15:11  Baneling x6  
  180  15:22  Zergling x8, Hatchery  
  180  15:23  Zergling x10  
  183  15:38  Infestor x5  
  185  15:54  Zergling x18  
  183  16:08  Zerg Flyer Weapons Level 2  
  182  16:14  Mutalisk x4  
  190  16:41  Anabolic Synthesis, Hatchery  
  190  16:46  Zergling x12  
  190  16:47  Zergling x8  
  184  17:15  Zergling x6  
  140  17:52  Corruptor x8  
  156  17:58  Queen  
  132  18:17  Zergling x16  
  126  18:26  Roach x4  
  132  18:31  Zergling x10  
  137  18:37  Baneling  
  137  18:38  Baneling x6  
  130  18:49  Infestor x2, Ravager x4  
  130  19:08  Hatchery  
  129  19:27  Baneling x14  
  127  20:03  Zergling x18  
  105  20:16  Zergling x6  
Show
View Real Time Build Order
Export as new Build Order

souL Terran - Winner!

Build Orders: Gas First Reaper Expand, Liberator Opening 

Get SALT Encoding   

  12  0:00  SCV  
  13  0:13  SCV  
  14  0:17  Supply Depot  
  14  0:25  SCV  
  15  0:29  Refinery  
  15  0:38  SCV  
  16  0:44  Barracks  
  16  0:50  SCV  
  17  1:02  SCV  
  18  1:15  SCV  
  19  1:32  Orbital Command, Reaper  
  20  1:44  Command Center  
  20  1:55  Factory  
  20  1:58  SCV  
  21  2:08  Barracks Reactor  
  21  2:10  SCV  
  21  2:14  Supply Depot  
  22  2:20  Supply Depot  
  22  2:23  SCV  
  23  2:31  Refinery  
  23  2:42  SCV  
  23  2:46  Starport  
  23  2:50  Hellion  
  23  2:51  Hellion  
  27  2:54  SCV  
  27  2:57  Orbital Command  
  27  3:00  Barracks Tech Lab  
  27  3:07  SCV  
  27  3:12  Hellion  
  30  3:15  Hellion  
  30  3:19  SCV  
  33  3:24  SCV  
  34  3:28  Viking  
  34  3:31  SCV  
  37  3:36  SCV  
  36  3:41  Liberator  
  36  3:43  SCV  
  36  3:47  Factory Tech Lab  
  36  3:48  SCV  
  36  3:52  Supply Depot  
  36  3:56  Marine x2, SCV  
  36  4:00  SCV  
  43  4:06  Supply Depot  
  43  4:08  Siege Tank  
  46  4:11  SCV  
  46  4:18  SCV  
  46  4:21  Marine x2  
  46  4:23  SCV  
  50  4:25  Supply Depot  
  50  4:29  Supply Depot  
  50  4:30  SCV  
  51  4:35  SCV  
  52  4:39  Marine  
  52  4:40  Siege Tank  
  52  4:42  SCV  
  57  4:47  Marine, SCV  
  57  4:49  Bunker  
  57  4:50  Supply Depot  
  59  4:54  SCV  
  59  4:58  Marine  
  59  4:59  SCV  
  62  5:01  Command Center  
  62  5:06  SCV  
  63  5:12  SCV  
  62  5:18  SCV  
  61  5:24  SCV  
  61  5:25  Barracks  
  61  5:26  Starport Reactor  
  61  5:27  Siege Tank  
  65  5:29  Barracks  
  65  5:30  Engineering Bay, SCV  
  65  5:32  Stimpack, Marine  
  65  5:35  Engineering Bay  
  67  5:36  SCV  
  67  5:42  SCV  
  69  5:48  SCV  
  70  5:50  Marine  
  70  5:51  Refinery  
  70  5:52  Refinery  
  70  5:54  SCV  
  70  5:56  Supply Depot  
  72  6:00  SCV, Terran Infantry Weapons Level 1  
  72  6:02  Terran Infantry Armor Level 1  
  73  6:06  SCV  
  73  6:07  Marine  
  75  6:12  SCV  
  75  6:15  Orbital Command  
  74  6:19  SCV, Starport Reactor  
  74  6:22  Marine x2  
  74  6:24  SCV  
  78  6:25  Marine  
  78  6:26  Missile Turret  
  78  6:28  Marine x2  
  81  6:35  SCV  
  81  6:38  SCV  
  81  6:39  Marine  
  83  6:40  Marine  
  83  6:45  Orbital Command  
  83  6:46  Supply Depot  
  86  6:47  Marine, SCV  
  86  6:50  SCV  
  90  6:57  Marine x2  
  90  6:58  Medivac  
  90  6:59  SCV, Medivac  
  90  7:00  Missile Turret  
  95  7:03  Marine, SCV  
  95  7:07  Siege Tank  
  100  7:11  SCV  
  100  7:15  SCV  
  103  7:17  Marine  
  103  7:18  Supply Depot  
  103  7:19  Marine x2, Supply Depot  
  104  7:23  Marine, SCV  
  104  7:26  Marine  
  104  7:27  SCV  
  104  7:28  Medivac  
  104  7:29  Medivac  
  109  7:32  Combat Shield  
  109  7:35  Marine, SCV  
  109  7:36  Marine x2  
  111  7:39  SCV  
  111  7:40  Armory  
  111  7:41  Marine  
  111  7:44  Marine  
  114  7:45  Orbital Command  
  114  7:47  SCV  
  114  7:48  Sensor Tower  
  114  7:49  Supply Depot  
  114  7:51  SCV, Supply Depot  
  116  7:53  Marine  
  116  7:54  Marine x2  
  118  7:59  Marine, SCV, Supply Depot, Medivac  
  118  8:02  Marine  
  118  8:03  SCV  
  124  8:11  Marine, SCV x2  
  124  8:12  Marine  
  128  8:23  Barracks, Marine x2  
  128  8:27  Barracks  
  129  8:35  Marine, Command Center  
  129  8:37  Medivac  
  131  8:42  Marine  
  131  8:46  Marine  
  131  8:47  Terran Infantry Weapons Level 2, Terran Infantry Armor Level 2  
  122  8:48  Medivac  
  124  8:56  Marine  
  124  9:00  Marine, Refinery  
  124  9:01  Marine, Refinery, Factory  
  127  9:04  Marine x2  
  127  9:06  Terran Vehicle Weapons Level 1  
  129  9:12  Supply Depot  
  129  9:13  Supply Depot  
  123  9:24  Marine  
  123  9:26  Marine, SCV  
  123  9:29  Barracks Reactor x2  
  126  9:34  Bunker, Marine x3  
  129  9:42  Marine, Medivac x2  
  129  9:44  Marine  
  131  9:47  Factory Tech Lab  
  131  9:51  Marine  
  131  9:52  Marine x2, SCV  
  135  9:53  SCV x2  
  135  9:54  Siege Tank  
  135  9:55  Barracks x2  
  135  9:59  Marine, Supply Depot x2  
  140  10:02  Marine  
  140  10:05  Missile Turret, Planetary Fortress  
  142  10:08  Liberator x2  
  142  10:09  Marine x3  
  142  10:11  Siege Tank, Marine x4, Missile Turret  
  154  10:17  Marine  
  154  10:19  Marine  
  156  10:26  Siege Tank  
  156  10:27  Marine x3  
  166  10:28  Marine x4  
  166  10:30  Barracks  
  166  10:35  Marine  
  167  10:37  Marine  
  169  10:45  Marine x3, Barracks Tech Lab  
  169  10:46  Marine  
  169  10:48  Marine  
  175  10:54  Siege Tank  
  177  10:58  Barracks Tech Lab  
  177  11:01  Marine, Sensor Tower  
  177  11:02  Refinery x2, Command Center  
  177  11:03  Marauder, Marine  
  177  11:04  Marauder  
  182  11:07  Marine  
  182  11:08  Medivac x2  
  179  11:21  Marine x4  
  186  11:26  Command Center  
  186  11:29  Marine  
  186  11:30  Marine  
  187  11:37  Terran Infantry Weapons Level 3  
  187  11:48  Medivac  
  187  11:49  Medivac  
  187  11:51  Thor  
  188  11:58  Marine  
  188  11:59  Thor  
  185  12:02  Marine  
  185  12:03  Marine x6  
  185  12:05  Marine  
  185  12:06  Liberator x2  
  178  12:10  Marine  
  178  12:12  Marine x2, Missile Turret x2  
  196  12:34  Siege Tank, Marine x4, Sensor Tower, Marauder x3  
  197  12:41  Orbital Command  
  197  12:42  Siege Tank  
  200  12:58  Barracks Tech Lab, Terran Infantry Armor Level 3  
  200  13:04  Marine  
  193  13:07  Marine  
  193  13:08  Marauder  
  193  13:09  Siege Tank  
  193  13:12  Marauder x2, Marine  
  196  13:15  Planetary Fortress  
  196  13:16  Ghost Academy  
  196  13:17  Refinery  
  196  13:18  Refinery  
  196  13:19  Command Center  
  194  13:26  Marine x8  
  200  13:30  Marine  
  200  13:33  Marine  
  195  13:35  Marine  
  195  13:37  Marine  
  194  13:46  Marine  
  194  13:47  Marine  
  194  13:48  Marine x5  
  183  13:50  Marine x2  
  180  14:05  Medivac  
  180  14:09  Ghost x4  
  181  14:10  Marine  
  181  14:16  SCV x2  
  190  14:17  SCV x2  
  190  14:23  Marine x6  
  186  14:32  SCV x4  
  186  14:33  Missile Turret  
  186  14:35  SCV  
  186  14:36  SCV  
  186  14:38  Marine x2, Ghost x2  
  192  14:44  SCV  
  193  14:46  SCV  
  193  14:49  Bunker  
  194  14:53  Liberator x2  
  194  14:59  Orbital Command  
  194  15:01  Factory  
  194  15:05  Factory Reactor  
  194  15:07  Barracks Tech Lab  
  200  15:25  Marine  
  200  15:26  Marauder  
  200  15:27  Marauder  
  197  15:30  Marauder  
  199  15:35  Missile Turret  
  199  15:39  Marauder  
  191  15:43  Marauder  
  191  15:49  Marine  
  197  15:50  Marauder x2  
  197  15:51  Marauder  
  200  16:00  Widow Mine x2  
  200  16:01  Factory Tech Lab, Marauder  
  199  16:09  Command Center  
  199  16:15  Marine, Neosteel Armor  
  200  16:23  Drilling Claws  
  200  16:27  Terran Ship Weapons Level 1  
  200  16:34  Fusion Core  
  190  16:40  Starport x2  
  190  16:42  Marauder x2, Missile Turret  
  194  16:51  Marauder, Marine  
  194  16:52  Marine  
  194  16:53  Marauder  
  200  16:56  Marauder, Marine  
  200  16:57  Marine  
  200  16:58  Marine x2  
  194  17:03  Marauder, Marine  
  194  17:08  SCV x5  
  172  17:09  Marine  
  172  17:10  Marine  
  172  17:12  Marine  
  172  17:13  Marine, Liberator  
  172  17:14  Marine  
  172  17:15  Marine  
  178  17:16  Marine x2  
  178  17:18  Marauder  
  178  17:20  SCV x4  
  178  17:21  Marine  
  187  17:26  Supply Depot  
  187  17:27  Supply Depot  
  187  17:28  Marine x3  
  185  17:30  Marine  
  185  17:31  Marine, Liberator x2  
  185  17:32  Marine x2  
  185  17:34  Marine  
  186  17:48  Orbital Command  
  186  17:50  Liberator  
  192  17:52  Command Center  
  192  17:56  Liberator  
  192  18:12  Marauder, Marine  
  173  18:14  Marine, Liberator x2  
  165  18:20  Marine  
  165  18:21  Marauder  
  165  18:22  Marine  
  169  18:28  Widow Mine x2  
  169  18:30  Widow Mine  
  181  18:39  Liberator  
  179  18:53  Marauder  
  184  18:57  Liberator  
  184  19:02  Command Center  
  187  19:05  Refinery x2  
  187  19:14  Ghost  
  192  19:18  Starport Tech Lab, Starport Reactor  
  183  19:25  Widow Mine x2  
  183  19:29  Widow Mine  
  184  19:51  Ghost  
  189  20:11  Marine  
  189  20:12  Marine x5, Marauder  
  189  20:13  Marine, Marauder  
Tags
 
Add a new tag
Caveats
  • Supply blocks, unpowered buildings, or Contaminate may cause inaccurate times.
  • Supply counts are checked every 10 seconds.